 Dungeon Crawl Stone Soup version 0.31-a0-844-gdc52ec4e09 (webtiles) character file.

Game seed: 14787497287927787512

1776 sjenkins the Ducker (level 9, -6/62 HPs)
             Began as a Djinni Hedge Wizard on Sept 29, 2023.
             Was an Initiate of Makhleb.
             Killed by divine providence
             ... invoked by Jeremiah
              (14 damage)
             ... on level 6 of the Dungeon.
             The game lasted 00:35:38 (6220 turns).

sjenkins the Ducker (Djinni Hedge Wizard)           Turns: 6220, Time: 00:35:41

Health: -6/62      AC:  3    Str:  9    XL:     9   Next: 28%
Gold:   303        EV: 13    Int: 21    God:    Makhleb [......] SH:  0 Dex: 12

rFire   + + .        a - +3 long sword (heavy)
rCold   x . .        (no shield)
rNeg    . . .        y - +0 leather armour
rPois   ∞            c - +0 hat
rElec   .            (no cloak)
rCorr   +            (no gloves)
SInv    +            (boots unavailable)
Will    .....        (no amulet)
Stlth   ++           h - ring of resist corrosion
HPRegen 0.30/turn    s - ring of see invisible
MPRegen 0.00/turn

%: infuse magic (-7 HP)
@: on blink cooldown, flying
A: sickness immunity, fire resistance 2, cold vulnerability 1, float, innate
caster, HP casting, extra vitality 1
a: Renounce Religion


You were on level 6 of the Dungeon.
You worshipped Makhleb.
Makhleb was noncommittal.
You visited 2 branches of the dungeon, and saw 7 of its levels.
You also visited: Sewer.

You collected 303 gold pieces.

Inventory:

Hand Weapons
 a - a +3 heavy long sword (weapon)
 b - a +4 shortbow
 g - a +0 spear
 i - a +0 war axe
 l - a +2 short sword of holy wrath
 p - a +0 quarterstaff
 A - a +0 great sword
 B - a +0 morningstar
Missiles
 f - 3 poisoned darts
 n - 3 throwing nets
Armour
 c - a +0 hat (worn)
 e - a +0 robe
 y - a +0 leather armour (worn)
Magical Staves
 m - a staff of conjuration
Jewellery
 h - a ring of resist corrosion (left hand)
 s - a ring of see invisible (right hand)
Talismans
 v - a serpent talisman
Wands
 x - a wand of digging (3)
Scrolls
 k - 3 scrolls of teleportation
 r - 3 scrolls of identify
 u - a scroll of enchant armour
Potions
 d - a potion of curing {unknown}
 j - 2 potions of resistance
 o - a potion of mutation
 t - 2 potions of berserk rage
 w - a potion of invisibility
 z - a potion of degeneration {unknown}


   Skills:
 * Level 4.1 Fighting
 + Level 0.1(2.3) Short Blades
 * Level 3.9 Long Blades
 * Level 5.2 Ranged Weapons
 + Level 1.2 Armour
 * Level 5.5 Dodging
 + Level 2.4 Stealth
 * Level 4.1 Spellcasting
 * Level 4.1 Conjurations
 * Level 4.1 Hexes
 * Level 4.1 Summonings
 * Level 4.1 Necromancy
 * Level 4.1 Translocations
 * Level 4.1 Transmutations
 * Level 4.1 Fire Magic
 * Level 4.1 Ice Magic
 * Level 4.1 Air Magic
 * Level 4.1 Earth Magic
 * Level 4.1 Poison Magic


You knew the following spells:

 Your Spells              Type           Power      Damage    Failure   Level
a - Magic Dart            Conj           84%        1d7       3%          1
b - Slow                  Hex            84%        N/A       3%          1
c - Blink                 Tloc           42%        N/A       4%          2
d - Call Imp              Summ           42%        N/A       4%          2
e - Mephitic Cloud        Conj/Pois/Air  21%        N/A       9%          3
f - Foxfire               Conj/Fire      84%        2x1d8     3%          1
g - Jinxbite              Hex            42%        N/A       4%          2
h - Ensorcelled Hibernat  Hex/Ice        42%        N/A       4%          2
i - Ozocubu's Armour      Ice            21%        N/A       9%          3
Your spell library was empty.

Dungeon Overview and Level Annotations

Branches:
Dungeon (6/15)             Temple (1/1) D:5           Sewer (visited)

Altars:
Ashenzari
Cheibriados
Dithmenos
Elyvilon
Fedhas
Gozag
Hepliaklqana
Makhleb
Nemelex Xobeh
Okawaru
Qazlal
Ru
Trog
Uskayaw
Wu Jian
Yredelemnul
Zin
The Shining One

Annotations:
D:6 Jeremiah


Innate Abilities, Weirdness & Mutations

You are immune to sickness and miasma.
You are immune to poison.
Your flesh is very heat resistant. (rF++)
You are vulnerable to cold. (rC-)
You float through the air rather than walking.
You learn spells naturally, not from books.
Your magical power is your life essence.
You have superior vitality. (+4 MHP)


Message History

You blink.
Your icy armour cracks and falls away as you move.
An orc comes into view. It is wielding a +0 club.
* * * LOW HITPOINT WARNING * * *
The butterfly disappears in a burst of colours!
Jeremiah hits your cerulean imp with a +4 trident of draining!
Your cerulean imp barely misses Jeremiah.
What are your orders? t - Shout!
Orders for allies: a - Attack new target. r - Retreat! s - Stop attacking. g - Guard the area. f - Follow me.
Anything else - Cancel.
Gang up on whom?
Press: ? - help, Dir - move target, f - Jeremiah
Aim: Jeremiah, wielding a +4 trident of draining, wearing a +0 robe, wearing an orb of energy and carrying a wand of iceblast (severely wounded, ally target) Attack!
The butterfly disappears in a burst of colours! x2
Jeremiah closely misses your cerulean imp.
Your cerulean imp barely misses Jeremiah.
Casting: Blink (safe; 4% risk of failure)
Confirm with . or Enter, or press ? or * to list all spells.
You conjure some foxfire!
* * * LOW HITPOINT WARNING * * *
The butterfly disappears in a burst of colours!
The foxfire hits the butterfly.
You kill the butterfly!
The butterfly disappears in a burst of colours!
Jeremiah hits your cerulean imp with a +4 trident of draining!
Your cerulean imp dies!
Your cerulean imp disappears in a puff of smoke!
Casting: Foxfire (safe; 3% risk of failure)
Confirm with . or Enter, or press ? or * to list all spells.
A tiny devil pulls itself out of the air.
* * * LOW HITPOINT WARNING * * *
The butterfly disappears in a burst of colours!
Jeremiah shouts, "O dreadful one, destroy my foe!"
Something smites you!
You die...
Jeremiah asks, "What happened?
Did... did you die?"

# # # ## #
.o# # #o# #
#.# #.# #
##b##.#
####.#
#.###5b@#.#
.....#
#...bb#bb.#
######
#####.bb###
##F## #b#
#b# #b# #.#
#.##


You could see Jeremiah, 2 orcs and a friendly cerulean imp (summoned).

Vanquished Creatures
  Grinder (D:5)
  2 water moccasins
  An ice beast (D:6)
  3 black bears
  2 ogres
  A phantom (D:5)
  A centaur (D:5)
  A bullfrog (D:6)
  A scorpion (D:5)
  An orc priest (D:6)
  3 jellies
  2 sleepcaps
  3 iguanas
  An orc wizard (D:6)
  3 gnolls (D:2)
  6 adders
  3 river rats (D:3)
  A white imp (D:6)
  6 worms
  5 dart slugs
  9 orcs
  6 ball pythons
  10 endoplasms
  15 giant cockroaches
  11 goblins
  A hobgoblin (D:1)
  4 jackals (D:2)
  5 kobolds
  7 quokkas
  8 bats
  4 frilled lizards
  A hobgoblin zombie (D:6)
  A kobold zombie (D:6)
  2 orc zombies (D:6)
  6 rats
  A spectral kobold (D:1)
138 creatures vanquished.

Vanquished Creatures (collateral kills)
  A gnoll (D:2)
  A giant cockroach (D:2)
  A frilled lizard (D:2)
3 creatures vanquished.

Vanquished Creatures (others)
  86 foxfires
86 creatures vanquished.

Grand Total: 227 creatures vanquished

Notes
Turn   | Place    | Note
-------+----------+-------------------------------------------
     0 | D:1      | sjenkins the Djinni Hedge Wizard began the quest for the
                  | Orb.
     0 | D:1      | sjenkins set off with the following spells memorised: Magic
                  | Dart, Slow, Blink, Call Imp, Mephitic Cloud.
     0 | D:1      | Reached XP level 1. HP: 15/15 MP: 0/0
   109 | D:1      | Reached XP level 2. HP: 18/21 MP: 0/0
   145 | D:1      | Found a faded altar of an unknown god.
   346 | D:1      | Reached XP level 3. HP: 11/26 MP: 0/0
   346 | D:1      | Learned a level 1 spell: Foxfire
   960 | D:2      | Reached skill level 1 in Fighting
  1061 | D:2      | Reached XP level 4. HP: 26/32 MP: 0/0
  1152 | D:2      | Reached skill level 1 in Long Blades
  1152 | D:2      | Reached skill level 1 in Ranged Weapons
  1159 | D:2      | Reached XP level 5. HP: 17/37 MP: 0/0
  1159 | D:2      | Learned a level 2 spell: Jinxbite
  1382 | D:2      | Found a white marble altar of Elyvilon.
  1961 | D:3      | Found a glowing silver altar of Zin.
  2035 | D:3      | Found a glowing drain.
  2114 | Sewer    | Entered a sewer
  2138 | Sewer    | Noticed a water moccasin
  2159 | Sewer    | Killed a water moccasin
  2160 | Sewer    | Reached XP level 6. HP: 25/43 MP: 0/0
  3335 | D:4      | Found a sparkling altar of Nemelex Xobeh.
  3335 | D:4      | Found a white marble altar of Elyvilon.
  3483 | D:4      | Noticed a black bear
  3494 | D:4      | Killed a black bear
  3495 | D:4      | Reached XP level 7. HP: 44/49 MP: 0/0
  3495 | D:4      | Learned a level 2 spell: Ensorcelled Hibernation
  3961 | D:5      | Entered Level 5 of the Dungeon
  3999 | D:5      | Reached XP level 8. HP: 18/55 MP: 0/0
  4254 | D:5      | Noticed Grinder
  4265 | D:5      | Killed Grinder
  4731 | D:5      | Found a staircase to the Ecumenical Temple.
  4740 | Temple   | Entered the Ecumenical Temple
  4750 | Temple   | Became a worshipper of Makhleb the Destroyer
  5193 | D:6      | Reached skill level 5 in Dodging
  5211 | D:6      | Reached XP level 9. HP: 34/62 MP: 0/0
  5211 | D:6      | Learned a level 3 spell: Ozocubu's Armour
  5427 | D:6      | Reached skill level 5 in Ranged Weapons
  5708 | D:6      | Reached skill level 1 in Armour
  6195 | D:6      | Noticed Jeremiah
  6201 | D:6      | Identified the +7 rapier of Distraction {heavy, rElec
                  | Will++ rCorr Dex+3}
  6220 | D:6      | Killed from afar by Jeremiah

Illustrated notes

Levels and vault maps discovered:
D:1:      dpeg_arrival_erosion, layout_loops_ring,
          dreamdust_ecumenical_altar_drowned_temple, minivault_5,
          minmay_small_reverse_x
D:2:      minmay_roachtagon, layout_loops_ring, basic_altar
D:3:      layout_basic, mainiacjoe_overflow_cross_hatched, portal_sewer_entry_b
D:4:      layout_loops_corners, mainiacjoe_overflow_large_starburst
D:5:      layout_cave_pools, minmay_temple_entry_poolview, uniq_grinder
D:6:      layout_loops_ring, minmay_mini_ossuary, uniq_jeremiah
Temple:   nicolae_temple_two_arcs

Skill      XL: |  1  2  3  4  5  6  7  8  9 |
---------------+----------------------------+-----
Spellcasting   | 3 4 |  4.1
Conjurations   | 3 4 |  4.1
Hexes          | 3 4 |  4.1
Summonings     | 3 4 |  4.1
Necromancy     | 3 4 |  4.1
Translocations | 3 4 |  4.1
Transmutations | 3 4 |  4.1
Fire Magic     | 3 4 |  4.1
Ice Magic      | 3 4 |  4.1
Air Magic      | 3 4 |  4.1
Earth Magic    | 3 4 |  4.1
Poison Magic   | 3 4 |  4.1
Fighting       | 1 2 3 4 |  4.1
Dodging        | 3 4 5 |  5.5
Long Blades    | 1 2 3 |  3.9
Ranged Weapons | 1 2 3 4 5 |  5.2
Stealth        | 2 |  2.4
Armour         | 1 |  1.2
Short Blades   | |  0.1

Action                     |  1- 3 |  4- 6 |  7- 9 || total
---------------------------+-------+-------+-------++-------
  Melee: Short sword       |    18 |     3 |       ||    21
         Long sword        |       |     7 |    45 ||    52
   Fire: Shortbow          |    17 |    67 |    67 ||   151
   Cast: Magic Dart        |    49 |    38 |    27 ||   114
         Foxfire           |     2 |    30 |    26 ||    58
         Call Imp          |     1 |     6 |     8 ||    15
         Mephitic Cloud    |       |     3 |    14 ||    17
         Blink             |       |     3 |     7 ||    10
         Jinxbite          |       |     3 |     3 ||     6
         Ensorcelled Hiber |       |       |     1 ||     1
         Ozocubu's Armour  |       |       |     1 ||     1
    Use: Scroll            |       |     8 |     4 ||    12
         Potion            |       |     1 |     2 ||     3
   Stab: Confused          |       |       |     2 ||     2
         Sleeping          |       |       |     2 ||     2
 Armour: Robe              |    16 |    44 |    33 ||    93
         Leather armour    |       |       |    28 ||    28
  Dodge: Dodged            |    29 |    59 |    54 ||   142

Table legend: (Time is in decaauts)
 A = Elapsed time spent in this place.
 B = Non-inter-level travel time spent in this place.
 C = Inter-level travel time spent in this place.
 D = Time resting spent in this place.
 E = Time spent auto-exploring this place.
 F = Levels seen in this place.
 G = Mean time per level.
                   A        B        C        D        E       F      G
               +--------+--------+--------+--------+--------+-----+--------+
         Total |   6290 |   6111 |    179 |    856 |   4112 |   8 |  786.2 |
       Dungeon |   6111 |   5951 |    160 |    856 |   4028 |   6 | 1018.5 |
        Temple |     20 |      1 |     19 |      0 |      0 |   1 |   20.0 |
         Sewer |    158 |    158 |      0 |      0 |     84 |   1 |  158.0 |
               +--------+--------+--------+--------+--------+-----+--------+

Top non-repeatable levels by time:
     D:5: 1219 daAuts
     D:2: 1081 daAuts
     D:4: 1063 daAuts
     D:6: 1059 daAuts
     D:1: 857 daAuts
     D:3: 829 daAuts
   Sewer: 158 daAuts
  Temple: 20 daAuts
